 Dungeon Crawl Stone Soup version 0.23.2-30-g0e89c35649 (webtiles) character file.

Game seed: 10808404539120769030

8177 raph the Severer (level 11, -7/86 HPs)
             Began as a Minotaur Fighter on June 14, 2019.
             Was a Believer of the Shining One.
             Mangled by a komodo dragon (15 damage)
             ... on level 11 of the Dungeon on June 15, 2019.
             The game lasted 00:24:23 (10468 turns).

raph the Severer (Minotaur Fighter)                Turns: 10468, Time: 00:24:24

Health: -7/86      AC: 22    Str: 21    XL:     11   Next: 6%
Magic:  10/10      EV:  6    Int:  5    God:    the Shining One [**....]
Gold:   1207       SH: 11    Dex: 13    Spells: 10/10 levels left

rFire    . . .     SeeInvis .   a - +1 broad axe
rCold    . . .     Gourm    .   c - +0 shield
rNeg     + . .     Faith    +   m - +2 plate armour
rPois    +         Spirit   .   E - +2 hat
rElec    .         Reflect  .   p - scarf {cloud immunity}
rCorr    .         Harm     .   b - +2 pair of gloves
MR       .....                  s - +2 pair of boots
Stlth    ..........             z - amulet of faith
HPRegen  0.24/turn              i - +1 ring of slaying
MPRegen  0.12/turn              d - ring of poison resistance

@: glowing
A: retaliatory headbutt, horns 2
a: Divine Shield, Renounce Religion


You were on level 11 of the Dungeon.
You worshipped the Shining One.
The Shining One was pleased with you.
You were not hungry.

You visited 2 branches of the dungeon, and saw 12 of its levels.
You also visited: Bailey.

You collected 1207 gold pieces.

Inventory:

Hand Weapons
 a - a +1 broad axe (weapon)
 l - a +0 war axe
 u - a +0 battleaxe
 A - a +0 war axe
 B - a +5 shortbow
Missiles
 t - 5 tomahawks
 w - a tomahawk of returning (quivered)
 y - 6 javelins
Armour
 b - a +2 pair of gloves (worn)
 c - a +0 shield (worn)
 m - a +2 plate armour (worn)
 p - a scarf of cloud immunity (worn)
 s - a +2 pair of boots (worn)
 E - a +2 hat (worn)
Jewellery
 d - a ring of poison resistance (right hand)
 i - a +1 ring of slaying (left hand)
 z - an amulet of faith (around neck)
Wands
 r - a wand of random effects (15)
Scrolls
 j - 2 scrolls of magic mapping
 k - 6 scrolls of teleportation
 o - 7 scrolls of remove curse
 x - 2 scrolls of amnesia
 C - a scroll of blinking
 G - a scroll of enchant armour
Potions
 e - 2 potions of magic
 g - 3 potions of brilliance
 h - 3 potions of agility
 n - 5 potions of curing
 q - 2 potions of haste
 v - 2 potions of flight
 F - a potion of berserk rage
Comestibles
 f - 16 rations


   Skills:
 + Level 5.0 Fighting
 * Level 16.0 Axes
 + Level 3.9 Throwing
 - Level 5.4 Armour
 - Level 3.5 Dodging
 + Level 8.8 Shields


You had 10 spell levels left.
You didn't know any spells.
Your spell library contained the following spells:

 Spells                   Type           Power        Failure   Level  Hunger
 Confusing Touch          Hex            #.....       100%        1    ##.....
 Magic Dart               Conj           #...         100%        1    ##.....
 Sandblast                Erth           #.....       100%        1    ##.....
 Passwall                 Tmut/Erth      #.......     100%        2    ###....
 Searing Ray              Conj           #.....       100%        2    ###....
 Confuse                  Hex            #.......     100%        3    ####...
 Dazzling Spray           Conj/Hex       #.....       100%        3    ####...
 Gell's Gravitas          Tloc           #.........   100%        3    ####...
 Stone Arrow              Conj/Erth      #.....       100%        3    ####...
 Force Lance              Conj/Tloc      #.......     100%        4    #####..
 Fulminant Prism          Conj/Hex       #.........   100%        4    #####..
 Iskenderun's Mystic Bla  Conj           #.......     100%        4    #####..
 Petrify                  Tmut/Erth      #.......     100%        4    #####..
 Lee's Rapid Deconstruct  Erth           #.........   100%        5    ######.
 Metabolic Englaciation   Hex/Ice        #.........   100%        5    ######.
 Yara's Violent Unravell  Hex/Tmut       #.........   100%        5    ######.


Dungeon Overview and Level Annotations

Branches:
Dungeon (11/15)            Temple (1/1) D:7
   Lair: D:8-11         Orc: D:9-12

Altars:
Ashenzari
Cheibriados
Dithmenos
Elyvilon
Fedhas
Gozag
Hepliaklqana
Kikubaaqudgha
Makhleb
Nemelex Xobeh
Okawaru
Qazlal
Ru
Sif Muna
Trog
Uskayaw
Vehumet
Wu Jian
Xom
Yredelemnul
Zin
The Shining One
Beogh

Shops:
D:7 [   D:11 [

Annotations:
D:10 3 runed translucent doors, shugdite's ghost, novice MiMo


Innate Abilities, Weirdness & Mutations

You reflexively headbutt those who attack you in melee.
You have a pair of horns on your head.


Message History

You slash the sky beast! You headbutt the sky beast.
The sky beast is severely wounded.
You completely miss the komodo dragon. You block the sky beast's attack.
You block the komodo dragon's attack.
You slash the sky beast!
The sky beast is almost dead.
You slash the komodo dragon! You slice the sky beast!!
You kill the sky beast!
Your Fighting skill increases to level 5!
Your Axes skill increases to level 16!
You hit the komodo dragon. The komodo dragon bites you!!
* * * LOW HITPOINT WARNING * * *
You hit the komodo dragon but do no damage.
The komodo dragon is severely wounded.
You block the komodo dragon's attack.
You hit the komodo dragon.
The komodo dragon is almost dead.
The komodo dragon bites you!
You die...

............
...........
..........#
..........#
..........#####
...............
......l........
#####@# #.....#
#.....#
#.....########
#............#
#............#
#............#
#............#
.######+#.....#


You could see a komodo dragon.

Vanquished Creatures
  A two-headed ogre (D:11)
  An orc knight (Bailey)
  An ugly thing (D:11)
  A troll (D:10)
  Grinder (D:4)
  A hippogriff (D:7)
  Sigmund (D:5)
  Eustachio (D:4)
  2 wyverns
  4 hungry ghosts
  Menkaure (D:4)
  2 water moccasins
  7 sky beasts
  7 orc warriors
  A phantom (D:11)
  6 ogres
  A crocodile (D:7)
  3 centaurs (D:10)
  2 big kobolds
  A wyvern zombie (D:8)
  2 bullfrogs
  A scorpion (D:5)
  8 killer bees
  3 howler monkeys
  7 crimson imps
  A quasit (D:6)
  A hound (D:8)
  8 orc priests
  A centaur skeleton (D:8)
  A bullfrog skeleton (D:4)
  21 orc wizards
  8 worker ants
  2 iguanas
  A hound zombie (D:6)
  A worker ant zombie (D:7)
  5 adders
  A gnoll (Bailey)
  A shadow imp (D:10)
  2 oozes
  2 adder zombies (D:5)
  An adder skeleton (D:4)
  A dart slug (D:2)
  A leopard gecko (D:3)
  37 orcs
  3 ball pythons
  9 bats
  8 giant cockroaches
  14 goblins
  8 hobgoblins
  7 jackals
  3 quokkas
  4 frilled lizards
  44 kobolds
  6 rats
  4 plants (D:4)
272 creatures vanquished.

Vanquished Creatures (others)
  5 plants
5 creatures vanquished.

Grand Total: 277 creatures vanquished

Notes
Turn   | Place    | Note
-------+----------+-------------------------------------------
     0 | D:1      | raph the Minotaur Fighter began the quest for the Orb.
     0 | D:1      | Reached XP level 1. HP: 19/19 MP: 0/0
     2 | D:1      | Noticed a centaur
     4 | D:1      | Noticed a demigod
     4 | D:1      | Noticed an octopode
     6 | D:1      | Noticed a naga
     6 | D:1      | Noticed a felid
     8 | D:1      | Noticed a ghoul
     8 | D:1      | Noticed a merfolk
    10 | D:1      | Noticed a draconian
    10 | D:1      | Noticed a vine stalker
    12 | D:1      | Noticed a human
    14 | D:1      | Noticed a spriggan
    16 | D:1      | Noticed a dwarf
    18 | D:1      | Noticed an ogre
    18 | D:1      | Noticed a gargoyle
    20 | D:1      | Noticed a troll
    20 | D:1      | Noticed a demonspawn
    22 | D:1      | Noticed a tengu
    22 | D:1      | Noticed an elf
    24 | D:1      | Noticed a minotaur
    24 | D:1      | Noticed a halfling
    26 | D:1      | Noticed a formicid
    26 | D:1      | Noticed a vampire
    58 | D:1      | Reached skill level 3 in Axes
   124 | D:1      | Reached XP level 2. HP: 23/26 MP: 1/1
   288 | D:1      | Reached skill level 4 in Axes
   530 | D:2      | Reached XP level 3. HP: 31/31 MP: 2/2
   891 | D:2      | Reached skill level 5 in Axes
   891 | D:2      | Reached XP level 4. HP: 39/39 MP: 3/3
  2698 | D:4      | Noticed Eustachio
  2757 | D:4      | Noticed an ogre
  2776 | D:3      | Killed an ogre
  2776 | D:3      | Reached skill level 6 in Axes
  2776 | D:3      | Reached skill level 5 in Shields
  2776 | D:3      | Reached XP level 5. HP: 32/45 MP: 4/4
  2870 | D:4      | Reached XP level 6. HP: 42/51 MP: 5/5
  3080 | D:4      | Noticed Menkaure
  3088 | D:4      | Killed Menkaure
  3088 | D:4      | Reached skill level 7 in Axes
  3453 | D:4      | Reached XP level 7. HP: 54/57 MP: 6/6
  3668 | D:4      | Noticed Grinder
  3738 | D:5      | Entered Level 5 of the Dungeon
  3760 | D:5      | Reached skill level 8 in Axes
  4411 | D:5      | Reached skill level 9 in Axes
  4744 | D:5      | Noticed Sigmund
  4751 | D:5      | Killed Sigmund
  4751 | D:5      | Reached XP level 8. HP: 64/64 MP: 7/7
  5063 | D:6      | Reached skill level 10 in Axes
  5618 | D:6      | Reached skill level 11 in Axes
  6184 | D:7      | Reached skill level 12 in Axes
  6184 | D:7      | Reached XP level 9. HP: 64/70 MP: 8/8
  6447 | D:7      | Found Demanyi's Antique Armour Emporium.
  6552 | D:7      | Reached skill level 13 in Axes
  6626 | D:7      | Found a staircase to the Ecumenical Temple.
  6641 | Temple   | Entered the Ecumenical Temple
  6715 | Temple   | Became a worshipper of the Shining One
  6981 | D:4      | Killed Eustachio
  7116 | D:4      | Paralysed by Grinder for 5 turns
  7124 | D:4      | Killed Grinder
  7534 | D:8      | Reached skill level 14 in Axes
  7713 | D:8      | Reached * piety under the Shining One
  7723 | D:8      | Reached skill level 1 in Dodging
  7948 | D:8      | Found a radiant altar of Vehumet.
  8189 | D:9      | Reached XP level 10. HP: 76/77 MP: 9/9
  8241 | D:9      | Found an opulent altar of Gozag.
  8272 | D:9      | Found a flagged portal.
  8287 | Bailey   | Entered a bailey
  8455 | Bailey   | Noticed an orc knight
  8468 | Bailey   | Killed an orc knight
  8468 | Bailey   | Reached skill level 15 in Axes
  8468 | Bailey   | Reached skill level 1 in Throwing
  8629 | Bailey   | Found a burning altar of Makhleb.
  9360 | D:10     | Entered Level 10 of the Dungeon
  9443 | D:10     | Reached skill level 5 in Armour
  9443 | D:10     | Reached ** piety under the Shining One
  9923 | D:10     | Got a twisted flail
  9937 | D:10     | Noticed shugdite's ghost (novice MiMo)
  9938 | D:10     | Found a runed translucent gate.
  9938 | D:10     | Found a runed translucent gate.
  9938 | D:10     | Found a runed translucent gate.
  9939 | D:10     | Found a roughly hewn altar of Beogh.
 10355 | D:11     | Found Ciut's Antique Armour Shop.
 10355 | D:11     | Noticed a two-headed ogre
 10367 | D:11     | Killed a two-headed ogre
 10429 | D:11     | Reached XP level 11. HP: 79/85 MP: 10/10
 10456 | D:11     | Noticed a white ugly thing
 10463 | D:11     | Killed a white ugly thing
 10466 | D:11     | Reached skill level 5 in Fighting
 10466 | D:11     | Reached skill level 16 in Axes
 10468 | D:11     | Mangled by a komodo dragon

Skill      XL: |  1  2  3  4  5  6  7  8  9 10 11 |
---------------+----------------------------------+-----
Axes           | 3 4 5 6 7 9 12 14 15 16 | 16.0
Shields        | 4 5 6 7 8 |  8.8
Dodging        | 1 3 |  3.5
Armour         | 4 5 |  5.4
Throwing       | 3 |  3.9
Fighting       | 4 5 |  5.0

Action                   |  1- 3 |  4- 6 |  7- 9 | 10-12 || total
-------------------------+-------+-------+-------+-------++-------
Melee: War axe           |    77 |   160 |   137 |     4 ||   378
       Headbutt          |     7 |    34 |    74 |    35 ||   150
       Battleaxe         |       |       |   195 |    14 ||   209
       Broad axe         |       |       |       |   196 ||   196
Throw: Tomahawk          |       |       |     3 |    37 ||    40
  Use: Scroll            |       |     9 |     7 |     3 ||    19
       Potion            |       |     1 |       |       ||     1
  Eat: Chunk             |       |     7 |    16 |    10 ||    33
       Ration            |       |       |     1 |     1 ||     2
Armor: Scale mail        |    33 |       |       |       ||    33
       Plate armour      |     9 |    90 |   236 |   122 ||   457
Dodge: Dodged            |    24 |    21 |    64 |    45 ||   154
Block: Shield            |    45 |    82 |    76 |   106 ||   309
